 Dungeon Crawl Stone Soup version 0.29.1-1-gd02db6906a (webtiles) character file.

Game seed: 15842425147828680355

19245 jimonade the Thaumaturge (level 13, -7/80 HPs)
             Began as a Djinni Summoner on Sept 18, 2022.
             Was an Elder of Hepliaklqana.
             Mangled by a komodo dragon (25 damage)
             ... on level 4 of the Lair of Beasts.
             The game lasted 00:45:21 (15737 turns).

jimonade the Thaumaturge (Djinni Summoner)         Turns: 15737, Time: 00:45:21

Health: -7/80      AC: 18    Str:  7    XL:     13   Next: 3%
Gold:   654        EV: 10    Int: 24    God:    Hepliaklqana [****..] SH:  6 Dex: 15

rFire   + + .      SeeInvis +   a - +11 flail of Okawaru's Indignation {vamp, Fly Int+3 SInv}
rCold   . . .      Faith    .   I - +0 buckler
rNeg    . . .      Spirit   .   o - +0 ring mail
rPois   ∞          Reflect  .   z - +1 helmet
rElec   .          Harm     .   (no cloak)
rCorr   .          Rampage  .   X - +0 pair of gloves
Will    +....                   (boots unavailable)
Stlth   +.........              m - amulet of the acrobat
HPRegen 0.23/turn               u - ring "Hyup" {rC+ AC+4}
MPRegen 0.00/turn               D - +4 ring of protection

@: flying
A: reduced essence, sickness immunity, fire resistance 2, cold vulnerability 1,
float, innate caster, HP casting, extra vitality 1
a: Renounce Religion, Recall Ancestor, Ancestor Identity, Transference, Idealise


You were on level 4 of the Lair of Beasts.
You worshipped Hepliaklqana.
Hepliaklqana was greatly pleased with you.
You visited 3 branches of the dungeon, and saw 13 of its levels.
You also visited: Ossuary.

You collected 654 gold pieces.

Inventory:

Hand Weapons
 a - the +11 flail of Okawaru's Indignation (weapon) {vamp, Fly Int+3 SInv}
   (You found it on level 1 of the Lair of Beasts)

   It occasionally heals its wielder for a portion of the damage dealt when it
   wounds a living foe.
   Int:       It affects your intelligence (+3).
   SInv:      It lets you see invisible.
   Fly:       It grants you flight.
 j - a +0 sling
 Q - a +1 vampiric trident
 W - a +1 shortbow of flaming
Missiles
 h - 6 throwing nets
 p - 6 javelins
Armour
 b - a +0 leather armour
 o - a +0 ring mail (worn)
 z - a +1 helmet (worn)
 F - a +0 scale mail of fire resistance
 I - a +0 buckler (worn)
 X - a +0 pair of gloves (worn)
Magical Staves
 n - a staff of poison
 q - a staff of air
 H - a staff of cold
 L - a staff of death
 V - a staff of conjuration
Jewellery
 m - an amulet of the acrobat (around neck)
 u - the ring "Hyup" (left hand) {rC+ AC+4}
   (You found it on level 4 of the Dungeon)

   [ring of protection]

   AC:        It affects your AC (+4).
   rC:        It protects you from cold.
 D - a +4 ring of protection (right hand)
 N - a ring of positive energy
Wands
 i - a wand of mindburst (11)
 E - a wand of polymorph (9)
 G - a wand of roots (11)
 P - a wand of light (9)
 R - a wand of charming (3)
 T - a wand of flame (20)
Scrolls
 g - 5 scrolls of immolation
 l - a scroll of brand weapon
 s - 9 scrolls of identify
 x - 3 scrolls of enchant armour
 y - a scroll of silence
 C - 2 scrolls of fear
 J - 4 scrolls of poison
 M - 2 scrolls of magic mapping {unknown}
 U - a scroll of teleportation {unknown}
 Y - a scroll of butterflies {unknown}
Potions
 c - a potion of berserk rage {unknown}
 d - 2 potions of lignification {unknown}
 e - 3 potions of ambrosia
 f - 6 potions of haste
 k - 12 potions of curing
 r - 2 potions of brilliance {unknown}
 t - 3 potions of flight {unknown}
 v - 4 potions of heal wounds
 w - a potion of magic {unknown}
 A - 2 potions of degeneration {unknown}
 B - a potion of mutation {unknown}
 K - a potion of attraction {unknown}
 O - a potion of resistance
 S - a potion of might {unknown}


   Skills:
 * Level 6.8 Fighting
 * Level 7.1 Armour
 - Level 2.1 Dodging
 - Level 1.5 Stealth
 * Level 7.0 Shields
 + Level 13.2 Spellcasting


You had 7 spell levels left.
You knew the following spells:

 Your Spells              Type           Power      Damage    Failure   Level
a - Summon Small Mammal   Summ           100%       N/A       1%          1
b - Call Imp              Summ           68%        N/A       1%          2
c - Call Canine Familiar  Summ           68%        N/A       1%          3
d - Summon Guardian Gole  Hex/Summ       68%        N/A       1%          3
e - Summon Lightning Spi  Summ/Air       68%        N/A       1%          4
f - Apportation           Tloc           100%       N/A       1%          1
g - Ensorcelled Hibernat  Hex/Ice        100%       N/A       1%          2
h - Inner Flame           Hex/Fire       68%        N/A       1%          3
i - Portal Projectile     Hex/Tloc       100%       N/A       1%          3
j - Leda's Liquefaction   Hex/Erth       34%        N/A       1%          4
k - Borgnjor's Vile Clut  Necr/Erth      34%        N/A       1%          5
Your spell library was empty.

Dungeon Overview and Level Annotations

Branches:
Dungeon (8/15)             Temple (1/1) D:4            Lair (4/5) D:8
 Shoals (0/4) Lair:2       Spider (0/4) Lair:3      Ossuary (visited)
  Slime: Lair:4-5

Altars:
Ashenzari
Cheibriados
Dithmenos
Elyvilon
Fedhas
Gozag
Hepliaklqana
Makhleb
Nemelex Xobeh
Qazlal
Ru
Uskayaw
Wu Jian
Xom
Yredelemnul
Zin
The Shining One

Annotations:
D:3 exclusion: downstairs


Innate Abilities, Weirdness & Mutations

Your life essence is reduced to manifest your ancestor. (-10% HP)
You are immune to sickness and miasma.
You are immune to poison.
Your flesh is very heat resistant. (rF++)
You are vulnerable to cold. (rC-)
You float through the air rather than walking.
You learn spells naturally, not from books.
Your magical power is your life essence.
You have superior vitality. (+4 MHP)


Message History

Casting: Summon Guardian Golem (safe; 1% risk of failure)
Confirm with . or Enter, or press ? or * to list all spells.
The komodo dragon bites you!
Casting: Call Canine Familiar (safe; 1% risk of failure)
Confirm with . or Enter, or press ? or * to list all spells.
A guardian golem appears, shielding your allies.
The komodo dragon bites you.
A splash of acid appears from out of your range of vision.
The splash of acid hits your guardian golem!
The acid corrodes your guardian golem!
Your warg closely misses the komodo dragon.
Casting: Summon Guardian Golem (safe; 1% risk of failure)
Confirm with . or Enter, or press ? or * to list all spells.
An electric hum fills the air.
Your warg closely misses the komodo dragon.
You block the komodo dragon's attack.
A splash of acid appears from out of your range of vision.
The splash of acid hits your guardian golem!!
You barely miss the komodo dragon.
Your warg completely misses the komodo dragon.
The komodo dragon bites you!!
Your warg bites the komodo dragon.
The komodo dragon bites you!
* * * LOW HITPOINT WARNING * * *
You hit the komodo dragon.
You feel better.
The komodo dragon is lightly wounded.
Your warg bites the komodo dragon.
The komodo dragon bites you but does no damage.
Your warg bites the komodo dragon!
You barely miss the komodo dragon.
The komodo dragon is moderately wounded.
Your warg bites the komodo dragon.
The komodo dragon bites you but does no damage.
Your warg closely misses the komodo dragon.
You closely miss the komodo dragon.
The komodo dragon is heavily wounded.
The komodo dragon bites you!
* * * LOW HITPOINT WARNING * * *
Your warg barely misses the komodo dragon.
The komodo dragon bites you!!
You die...

##.........l...
#...PP.........
##..#...###.#..
###..#÷..##.##..
#.....÷÷....#..
.#P...#÷÷#...#
....$...h.#.##..
........l.......
........@9....#.
........8..#....
..............P.P
................#
..........##..#.
..........# ....
.........# ...
.........# #.


You could see a komodo dragon (ally target), a friendly guardian golem
(summoned, corroded), a friendly warg (summoned, sheltered) and a friendly
lightning spire (summoned, sheltered).

Vanquished Creatures
  A wyvern (Lair:4)
  A yak (Lair:4)
  A water moccasin (Lair:3)
  2 ice beasts
  2 wolves
  A bullfrog (Lair:3)
  A gnoll sergeant (D:6)
  2 wights (D:8)
  A howler monkey (D:7)
  An orc priest (D:8)
  An iguana (D:5)
  An orc wizard (D:5)
  An adder (D:5)
  6 gnolls
  5 orcs
  2 giant cockroaches
  3 goblins
  3 frilled lizards
  A goblin zombie (Ossuary)
36 creatures vanquished.

Vanquished Creatures (collateral kills)
  Harold (Lair:2)
  A hydra (Lair:2)
  Amaemon (Lair:2)
  5 elephants (Lair:3)
  5 cane toads
  An orange demon (Lair:2)
  3 rime drakes (Lair:3)
  5 komodo dragons
  A polar bear (Lair:2)
  3 jumping spiders (Lair:3)
  2 wyverns
  4 fire bats (Lair:4)
  A vampire (D:7)
  11 yaks
  3 basilisks
  A redback (Lair:3)
  5 water moccasins
  A black bear (Lair:1)
  A sky beast (D:8)
  7 wolves
  2 ogres (D:5)
  2 centaurs (Lair:2)
  2 elf zombies (Ossuary)
  A gnoll sergeant (D:7)
  9 bullfrogs
  A necrophage (D:7)
  4 scorpions
  5 wights
  2 howler monkeys (D:8)
  A jelly (D:5)
  2 quasits (D:7)
  A human zombie (Ossuary)
  4 orc priests
  3 hounds
  Ijyb (D:2)
  3 iguanas
  2 orc wizards
  A hound zombie (Ossuary)
  4 mummies
  3 gnolls (D:6)
  7 adders
  4 shadow imps
  2 ufetubi (D:7)
  An adder zombie (Ossuary)
  A worm (D:5)
  2 dart slugs
  30 orcs
  4 ball pythons
  6 bats
  7 endoplasms
  6 giant cockroaches
  3 gnoll zombies (Ossuary)
  7 goblins
  2 hobgoblins
  9 jackals
  3 quokkas
  9 frilled lizards
  A goblin zombie (Ossuary)
  3 hobgoblin zombies (Ossuary)
  4 jackal zombies (Ossuary)
  5 kobolds
  4 kobold zombies (Ossuary)
  5 orc zombies (Ossuary)
  3 quokka zombies (Ossuary)
  4 rats
  4 rat zombies (Ossuary)
251 creatures vanquished.

Vanquished Creatures (others)
  Gastronok (Lair:2)
  A hydra (Lair:2)
  A cane toad (Lair:2)
  2 komodo dragons (Lair:2)
  3 yaks (Lair:4)
  A water moccasin (Lair:1)
  An ogre (D:3)
  2 wolves (Lair:1)
  Terence (D:3)
  6 hexers
  2 iguanas
  2 orcs
  2 bushes (Lair:4)
  A demonic plant (D:7)
  18 fungi
  30 plants
74 creatures vanquished.

Grand Total: 361 creatures vanquished

Notes
Turn   | Place    | Note
-------+----------+-------------------------------------------
     0 | D:1      | jimonade the Djinni Summoner began the quest for the Orb.
     0 | D:1      | jimonade set off with the following spells memorised:
                  | Summon Small Mammal, Call Imp, Call Canine Familiar, Summon
                  | Guardian Golem, Summon Lightning Spire.
     0 | D:1      | Reached XP level 1. HP: 15/15 MP: 0/0
   166 | D:1      | Reached XP level 2. HP: 19/21 MP: 0/0
   631 | D:1      | Reached XP level 3. HP: 18/25 MP: 0/0
   631 | D:1      | Learned a level 1 spell: Apportation
   839 | D:1      | Reached skill level 4 in Spellcasting
  1740 | D:2      | Reached XP level 4. HP: 20/31 MP: 0/0
  2221 | D:3      | Noticed Ijyb
  2540 | D:2      | HP: 1/31 [constriction (2)]
  2986 | D:3      | Noticed Terence
  3010 | D:3      | Killed Terence
  3011 | D:3      | Reached XP level 5. HP: 30/35 MP: 0/0
  3011 | D:3      | Learned a level 2 spell: Ensorcelled Hibernation
  3161 | D:3      | Reached skill level 5 in Spellcasting
  3453 | D:2      | Killed Ijyb
  3513 | D:3      | Noticed an ogre
  3529 | D:3      | Killed an ogre
  3530 | D:3      | Reached XP level 6. HP: 33/40 MP: 0/0
  4133 | D:3      | Found a glowing golden altar of the Shining One.
  4639 | D:4      | Identified the ring "Hyup" {rC+ AC+4}
  4725 | D:4      | Found a glowing silver altar of Zin.
  4760 | D:4      | Reached skill level 6 in Spellcasting
  5020 | D:4      | Reached XP level 7. HP: 21/45 MP: 0/0
  5020 | D:4      | Learned a level 3 spell: Inner Flame
  5214 | D:4      | Found a staircase to the Ecumenical Temple.
  5239 | Temple   | Entered the Ecumenical Temple
  5301 | Temple   | Became a worshipper of Hepliaklqana the Forgotten
  5777 | D:5      | Entered Level 5 of the Dungeon
  6062 | D:5      | Reached skill level 7 in Spellcasting
  6532 | D:5      | Reached XP level 8. HP: 47/50 MP: 0/0
  7088 | D:5      | Found a basalt altar of Yredelemnul.
  7088 | D:5      | Found a sparkling altar of Nemelex Xobeh.
  7267 | D:5      | Reached skill level 8 in Spellcasting
  8241 | D:6      | Reached * piety under Hepliaklqana
  8264 | D:6      | Found a burning altar of Makhleb.
  8264 | D:6      | Found a shadowy altar of Dithmenos.
  8655 | D:6      | Reached XP level 9. HP: 41/49 MP: 0/0
  8655 | D:6      | Learned a level 3 spell: Portal Projectile
  8918 | D:7      | Reached skill level 9 in Spellcasting
  9076 | D:7      | Reached skill level 1 in Fighting
  9076 | D:7      | Reached skill level 1 in Armour
  9076 | D:7      | Reached skill level 1 in Shields
  9478 | D:7      | Found a sand-covered staircase.
  9488 | Ossuary  | Entered an ossuary
 10133 | D:8      | Found a white marble altar of Elyvilon.
 10925 | D:8      | Reached XP level 10. HP: 55/58 MP: 0/0
 11038 | D:8      | Reached ** piety under Hepliaklqana
 11039 | D:8      | Remembered your ancestor Ancestor_001 as a hexer
 11124 | D:8      | Found a staircase to the Lair.
 11146 | Lair:1   | Entered Level 1 of the Lair of Beasts
 11186 | Lair:1   | Reached skill level 10 in Spellcasting
 11631 | Lair:1   | Identified the +11 flail of Okawaru's Indignation {vamp,
                  | Fly Int+3 SInv}
 11644 | Lair:1   | Noticed a cane toad
 11648 | Lair:1   | Noticed a komodo dragon
 11656 | Lair:1   | Killed a cane toad
 11658 | Lair:1   | Killed a komodo dragon
 11853 | Lair:1   | Noticed a komodo dragon
 11862 | Lair:1   | Killed a komodo dragon
 12372 | Lair:2   | Noticed an eight-headed hydra
 12379 | Lair:2   | Killed an eight-headed hydra
 12380 | Lair:2   | Reached skill level 11 in Spellcasting
 12380 | Lair:2   | Reached XP level 11. HP: 59/66 MP: 0/0
 12380 | Lair:2   | Learned a level 4 spell: Leda's Liquefaction
 12496 | Lair:2   | Reached skill level 5 in Armour
 12527 | Lair:2   | Noticed Gastronok
 12542 | Lair:2   | Killed Gastronok
 12543 | Lair:2   | Reached skill level 5 in Shields
 12627 | Lair:2   | Noticed a five-headed hydra
 12636 | Lair:2   | Killed a five-headed hydra
 12637 | Lair:2   | Reached skill level 5 in Fighting
 12680 | Lair:2   | Reached *** piety under Hepliaklqana
 12866 | Lair:2   | Noticed Amaemon
 12898 | Lair:2   | Killed Amaemon
 13113 | Lair:2   | Found a staircase to the Shoals.
 13162 | Lair:2   | Noticed Harold
 13176 | Lair:2   | Killed Harold
 13385 | Lair:2   | Reached skill level 12 in Spellcasting
 13534 | Lair:2   | Reached XP level 12. HP: 71/72 MP: 0/0
 14139 | Lair:3   | Reached **** piety under Hepliaklqana
 14760 | Lair:3   | Found a hole to the Spider Nest.
 15034 | Lair:3   | Reached skill level 13 in Spellcasting
 15382 | Lair:4   | Reached XP level 13. HP: 34/80 MP: 0/0
 15382 | Lair:4   | Learned a level 5 spell: Borgnjor's Vile Clutch
 15737 | Lair:4   | Mangled by a komodo dragon

Illustrated notes

Levels and vault maps discovered:
D:1:      lightli_arrival_flooded_house, layout_basic
D:2:      layout_rooms
D:3:      layout_loops_ring, tso_altar, st_stairs_4,
          nicolae_elevator_lobby_plus, uniq_terence, uniq_ijyb
D:4:      layout_rooms, mainiacjoe_overflow_six_doors_small, temple_statues,
          minmay_lizard_king
D:5:      nicolae_cairo_tiling_very_big, layout_loops_ring,
          amethyst_overflow_temple_binary
D:6:      layout_cave_pods, gammafunk_temple_overflow_wave
D:7:      layout_loops_cross, gup_ossuary_entry_pyramid, serial_demonic,
          serial_demonic_f, serial_demonic_c, serial_demonic_g, serial_demonic_f
D:8:      layout_loops_ring, elyvilon_altar_5, lair_entry_dummy
Temple:   hellmonk_temple_two_chambers
Lair:1:   layout_regular_city, grunt_megastairs_2
Lair:2:   wad_woods_structure_01, layout_regular_city,
          minmay_shoals_entry_centaurs, uniq_harold, uniq_gastronok,
          uniq_amaemon
Lair:3:   layout_long_grid, spider_nest_entry_a, wad_woods_road_02,
          grunt_megastairs_5
Lair:4:   layout_gridlike, minmay_slime_entry_oklob_open, grunt_megastairs_3,
          uniq_snorg

Skill      XL: |  1  2  3  4  5  6  7  8  9 10 11 12 13 |
---------------+----------------------------------------+-----
Spellcasting   | 4 5 6 7 8 9 11 12 13 | 13.2
Fighting       | 2 4 5 6 |  6.8
Armour         | 2 4 6 7 |  7.1
Shields        | 2 4 5 6 7 |  7.0
Dodging        | |  2.1
Stealth        | |  1.5

Action                   |  1- 3 |  4- 6 |  7- 9 | 10-12 | 13-15 || total
-------------------------+-------+-------+-------+-------+-------++-------
Melee: Dagger            |    29 |    20 |    13 |       |       ||    62
       Punch             |       |     1 |     1 |       |       ||     2
       Trident           |       |       |    72 |     9 |       ||    81
       Flail             |       |       |       |    35 |     5 ||    40
 Cast: Summon Small Mamm |    34 |    28 |     2 |     3 |       ||    67
       Call Imp          |     8 |    12 |     7 |    15 |       ||    42
       Summon Guardian G |       |    14 |    15 |    48 |     2 ||    79
       Call Canine Famil |       |    17 |    36 |    40 |     2 ||    95
       Inner Flame       |       |       |    17 |     1 |       ||    18
       Summon Lightning  |       |       |    12 |    10 |     1 ||    23
       Ensorcelled Hiber |       |       |       |     1 |       ||     1
       Leda's Liquefacti |       |       |       |     1 |       ||     1
Invok: Recall Ancestor   |       |       |     2 |     1 |     1 ||     4
       Ancestor Identity |       |       |       |     2 |       ||     2
       Ancestor Life: He |       |       |       |     1 |       ||     1
  Use: Scroll            |       |       |    14 |       |       ||    14
 Stab: Distracted        |     1 |       |       |       |       ||     1
       Sleeping          |       |       |     1 |     1 |       ||     2
Armor: Robe              |    13 |    12 |     1 |       |       ||    26
       Leather armour    |       |       |    17 |    24 |       ||    41
       Ring mail         |       |       |       |    10 |     4 ||    14
Dodge: Dodged            |    27 |    39 |    29 |    48 |     1 ||   144
Block: Buckler           |       |       |     4 |    16 |     1 ||    21
